 Dungeon Crawl Stone Soup version 0.21.1-1-g345015f (webtiles) character file.

129 Figureslego113 the Ruffian (level 4, -7/35 HPs)
             Began as a Draconian Transmuter on May 19, 2018.
             Killed from afar by a white imp (8 damage)
             ... with a puff of frost
             ... summoned by Natasha
             ... on level 2 of the Dungeon.
             The game lasted 00:10:31 (1405 turns).

Figureslego113 the Ruffian (Draconian Transmuter)   Turns: 1405, Time: 00:10:31

Health: -7/35      AC:  2    Str: 16    XL:     4   Next: 88%
Magic:  2/8        EV: 20    Int: 13    God:
Gold:   82         SH:  0    Dex: 16    Spells: 3/9 levels left

rFire    . . .     SeeInvis .     - Unarmed
rCold    . . .     Gourm    .   (shield currently unavailable)
rNeg     . . .     Faith    +   (armour unavailable)
rPois    x         Spirit   .   (helmet currently unavailable)
rElec    .         Reflect  .   (cloak currently unavailable)
rCorr    .         Harm     .   (gloves currently unavailable)
MR       .....                  (boots currently unavailable)
Stlth    ++........             g - amulet of faith
HPRegen  0.11/turn              (no ring)
MPRegen  0.11/turn              (no ring)

@: spider-form
A: tiny, unfitting armour, strong 1, AC +5
a: End Transformation


You were on level 2 of the Dungeon.
You were not hungry.
You were a venomous arachnid creature.
You visited 1 branch of the dungeon, and saw 2 of its levels.

You collected 82 gold pieces.

Inventory:

Missiles
 a - 40 arrows
Jewellery
 g - an amulet of faith (around neck)
Scrolls
 f - a scroll of fear
Potions
 e - a potion of lignification {unknown}
Books
 b - a book of Changes

   Spells                             Type                      Level
   a - Beastly Appendage              Transmutation                1
   b - Sticks to Snakes               Transmutation                2
   c - Spider Form                    Transmutation/Poison         3
   d - Ice Form                       Ice/Transmutation            4
   e - Blade Hands                    Transmutation                5
Comestibles
 c - a ration


   Skills:
 + Level 1.4 Fighting
 + Level 2.2 Dodging
 + Level 0.7 Stealth
 + Level 3.9 Unarmed Combat
 + Level 3.0 Spellcasting
 + Level 3.0 Transmutations


You had 3 spell levels left.
You knew the following spells:

 Your Spells              Type           Power        Failure   Level  Hunger
a - Beastly Appendage     Tmut           #.....       17%         1    #......
b - Sticks to Snakes      Tmut           #.......     24%         2    ###....
c - Spider Form           Tmut/Pois      #.........   58%         3    ###....


Dungeon Overview and Level Annotations

Branches:
Dungeon (2/15)

Altars:
Elyvilon
The Shining One

Annotations:
D:2 Natasha


Innate Abilities, Weirdness & Mutations

((Your plain brown scales are hard. (AC +5)))
You cannot fit into any form of body armour.
((You are cold-blooded and may be slowed by cold attacks.))
((You have a pair of small horns on your head.))
Your muscles are strong. (Str +2)


Message History

You start memorising the spell.
You continue memorising.
Natasha closely misses you.
You continue memorising.
Natasha misses you.
You continue memorising.
Natasha mumbles some strange words.
You finish memorising.
Spell assigned to 'c'.
Casting: Beastly Appendage
Confirm with . or Enter, or press ? or * to list all spells.
You turn into a venomous arachnid creature.
Natasha claws you. The white imp gestures at you. The puff of frost hits you!
* * * LOW HITPOINT WARNING * * *
Natasha stares at you and mumbles some strange words.
The magic dart hits you!
* * * LOW HITPOINT WARNING * * *
The white imp gestures at you. The puff of frost hits you!
You die...

####.....# #.# #..###.....
.........# #.# #.........#
.###...)## #.###...##....#
##.#.#####...........#.#
#.#.............#####.# #
#.########.#........# # #[#
#...#######)#
.####.#.######<....# #.#
........).s.h.......# #..
..#######...........(.....#
#.###5......#####.# #.#
#......## #.# #.# #.#...#
#.# #.# ##.# #.# #.# # #.#
#.# #.# #.#


You could see Natasha and a white imp.

Vanquished Creatures
  Natasha (D:2)
  A gnoll (D:2)
  3 adders (D:2)
  A worm (D:2)
  A dart slug (D:1)
  3 leopard geckos (D:1)
  3 giant cockroaches
  5 goblins
  A hobgoblin (D:2)
  4 jackals (D:1)
  13 bats
  A frilled lizard (D:1)
  7 kobolds
  7 rats
51 creatures vanquished.

Vanquished Creatures (collateral kills)
  Jessica (D:2)
  A goblin (D:2)
2 creatures vanquished.

Grand Total: 53 creatures vanquished

Notes
Turn   | Place    | Note
-------+----------+-------------------------------------------
     0 | D:1      | Figureslego113 the Draconian Transmuter began the quest for the Orb.
     0 | D:1      | Reached XP level 1. HP: 16/16 MP: 3/3
     6 | D:1      | Noticed a killer bee
     6 | D:1      | Noticed a wyvern
     6 | D:1      | Noticed a black bear
     7 | D:1      | Noticed a hound
   211 | D:1      | Reached XP level 2. HP: 22/23 MP: 3/5
   216 | D:1      | Learned a level 2 spell: Sticks to Snakes
   396 | D:1      | Gained mutation: Your muscles are strong. (Str +2) [potion of mutation]
   396 | D:1      | Gained mutation: You have a pair of small horns on your head. [potion of mutation]
   661 | D:1      | Reached XP level 3. HP: 28/28 MP: 4/6
   694 | D:1      | Found a glowing golden altar of the Shining One.
   982 | D:2      | Noticed Jessica
   996 | D:2      | Killed Jessica
   996 | D:2      | Reached XP level 4. HP: 29/35 MP: 1/8
  1116 | D:2      | Found a white marble altar of Elyvilon.
  1345 | D:2      | Noticed Natasha
  1357 | D:2      | Killed Natasha
  1374 | D:2      | Noticed Natasha
  1404 | D:2      | Learned a level 3 spell: Spider Form
  1405 | D:2      | HP: 1/35 [Natasha/magic dart (8)]
  1405 | D:2      | Killed from afar by a white imp

Skill      XL: |  1  2  3  4 |
---------------+-------------+-----
Dodging        | 2 |  2.2
Transmutations | 3 |  3.0
Spellcasting   | 3 |  3.0
Fighting       | |  1.4
Stealth        | |  0.7
Unarmed Combat | |  3.9

Action                   |  1- 3 |  4- 6 || total
-------------------------+-------+-------++-------
Melee: Unarmed           |   117 |    39 ||   156
       Kick              |    17 |     5 ||    22
       Tailslap          |     8 |     3 ||    11
       Punch             |     1 |     1 ||     2
       Headbutt          |     4 |     7 ||    11
 Cast: Beastly Appendage |    23 |     3 ||    26
       Sticks to Snakes  |     3 |     3 ||     6
       Spider Form       |       |     1 ||     1
  Use: Scroll            |     3 |     2 ||     5
       Potion            |     1 |       ||     1
  Eat: Ration            |     1 |       ||     1
Armor: Skin              |    87 |    16 ||   103
Dodge: Dodged            |   154 |    35 ||   189
